BSA
JERSEY SHORE D-BAGS @ ST CHARLES SHEENS
09/10/2029
 
TOP OF THE 1ST
Jersey Shore D-Bags batting - Pitching for St Charles Sheens : RHP Bill Chase
Pitching: RHP Bill Chase
Batting: LHB Juan Hernández 0-0: Ball
1-0: Ball
2-0: Foul Ball, location: 2F
2-1: Ball
3-1: Foul Ball, location: 2F
3-2: Foul Ball, location: 2F
3-2: Strikes out looking
Batting: RHB Ricardo González 0-0: Called Strike
0-1: Foul Ball, location: 2F
0-2: Ball
1-2: Ball
2-2: Strikes out swinging, 2-3 out at first.
Batting: RHB Ben Morton 0-0: Ball
1-0: Foul Ball, location: 2F
1-1: Ball
2-1: Foul Ball, location: 2F
2-2: Ball
3-2: Fly out, F7 (Flyball, 7D)
Top of the 1st over - 0 runs, 0 hits, 0 errors, 0 left on base; Jersey Shore 0 - St Charles 0
BOTTOM OF THE 1ST
St Charles Sheens batting - Pitching for Jersey Shore D-Bags : RHP Chris Chamberlain
Pitching: RHP Chris Chamberlain
Batting: RHB Max Rash 0-0: Fly out, F9 (Flyball, 9D)
Batting: RHB Jesús Hernández 0-0: TRIPLE (Line Drive, 9LD)
Batting: LHB Larry Howard 0-0: Fly out, F7 (Flyball, 7)
Batting: LHB Juan Jose Rojas 0-0: Swinging Strike
0-1: Called Strike
0-2: SINGLE (Line Drive, 6MD)
Jesús Hernández scores
Batting: RHB Dan Tyler 0-0: Ball
1-0: Swinging Strike
1-1: Foul Ball, location: 2F
1-2: Strikes out looking
Bottom of the 1st over - 1 run, 2 hits, 0 errors, 1 left on base; Jersey Shore 0 - St Charles 1
TOP OF THE 2ND
Jersey Shore D-Bags batting - Pitching for St Charles Sheens : RHP Bill Chase
Batting: RHB Miguel Serna 0-0: Fly out, F8 (Flyball, 8LXD)
Batting: LHB António Cedeño 0-0: Called Strike
0-1: Ball
1-1: Swinging Strike
1-2: Ball
2-2: Fly out, F7 (Flyball, 7S)
Batting: LHB Ray Bryant 0-0: Foul Ball, location: 2F
0-1: Ball
1-1: SINGLE (Line Drive, 4M)
Batting: LHB Albert Morgan 0-0: Called Strike
0-1: Ground out 4-3 (Groundball, 4)
Top of the 2nd over - 0 runs, 1 hit, 0 errors, 1 left on base; Jersey Shore 0 - St Charles 1
BOTTOM OF THE 2ND
St Charles Sheens batting - Pitching for Jersey Shore D-Bags : RHP Chris Chamberlain
Batting: SHB Henry Copeland 0-0: Ball
1-0: Foul Ball, location: 2F
1-1: SINGLE (Line Drive, 89S)
Batting: RHB Víctor Arredondo 0-0: Called Strike
0-1: Ball
1-1: SINGLE (Popup, 6MD)
Henry Copeland to second
Batting: RHB Miguel Palácios 0-0: SINGLE (Line Drive, 4MD)
Henry Copeland to third
Víctor Arredondo to second
Batting: LHB Kyle Harrison 0-0: SINGLE (Flyball, 8LS)
Henry Copeland scores
Víctor Arredondo to third
Miguel Palácios to second
Runner from 3rd tries for Home, throw and OUT!
Miguel Palácios to third
Kyle Harrison to second
Batting: RHB Max Rash 0-0: Foul Ball, location: 2F
0-1: Ball
1-1: Ground out 6-3 (Groundball, 6)
Miguel Palácios scores
Batting: RHB Jesús Hernández 0-0: Foul Ball, location: 2F
0-1: Ball
1-1: SINGLE (Line Drive, 8LS)
Kyle Harrison to third
Runner from 3rd tries for Home, SAFE, no throw
Batting: LHB Larry Howard Pickoff Throw to First - Error! E1
Jesús Hernández to second
0-0: Ball
1-0: Called Strike
1-1: Foul Ball, location: 2F
1-2: DOUBLE (Groundball, 3L)
Jesús Hernández scores
Batting: LHB Juan Jose Rojas 0-0: Called Strike
0-1: Ball
1-1: Ball
2-1: Called Strike
2-2: Ground out 6-3 (Groundball, 6D)
Bottom of the 2nd over - 4 runs, 6 hits, 1 error, 1 left on base; Jersey Shore 0 - St Charles 5
TOP OF THE 3RD
Jersey Shore D-Bags batting - Pitching for St Charles Sheens : RHP Bill Chase
Batting: LHB Ed Murray 0-0: Called Strike
0-1: Ball
1-1: Ground out 4-3 (Groundball, 4M)
Batting: RHB José Pinto 0-0: Called Strike
0-1: Foul Ball, location: 2F
0-2: Foul Ball, location: 2F
0-2: Ball
1-2: Foul Ball, location: 2F
1-2: Strikes out swinging
Batting: LHB Juan Hernández 0-0: Ball
1-0: Foul Ball, location: 2F
1-1: Foul Ball, location: 2F
1-2: Fly out, F8 (Flyball, 8RS)
Top of the 3rd over - 0 runs, 0 hits, 0 errors, 0 left on base; Jersey Shore 0 - St Charles 5
BOTTOM OF THE 3RD
St Charles Sheens batting - Pitching for Jersey Shore D-Bags : RHP Chris Chamberlain
Batting: RHB Dan Tyler 0-0: Ball
1-0: Ball
2-0: Called Strike
2-1: Ball
3-1: Base on Balls
Batting: SHB Henry Copeland 0-0: Foul Ball, location: 2F
0-1: Ball
1-1: Ball
2-1: Foul Ball, location: 2F
2-2: Strikes out swinging
Batting: RHB Víctor Arredondo 0-0: Ball
Dan Tyler steals 2nd base
1-0: Ball
2-0: Ball
3-0: Foul Ball, location: 2F
3-1: Ground out U3 (Groundball, 3)
Dan Tyler to third
Batting: RHB Miguel Palácios 0-0: Ball
Wild Pitch!
Dan Tyler scores
1-0: Foul Ball, location: 2F
1-1: Ground out 6-3 (Groundball, 6)
Bottom of the 3rd over - 1 run, 0 hits, 0 errors, 0 left on base; Jersey Shore 0 - St Charles 6
TOP OF THE 4TH
Jersey Shore D-Bags batting - Pitching for St Charles Sheens : RHP Bill Chase
Batting: RHB Ricardo González 0-0: Ball
1-0: Foul Ball, location: 2F
1-1: Foul Ball, location: 2F
1-2: Ball
2-2: Ball
3-2: Base on Balls
Batting: RHB Ben Morton 0-0: Hit by Pitch
Ricardo González to second
Batting: RHB Miguel Serna 0-0: Called Strike
0-1: Ball
1-1: Foul Ball, location: 2F
1-2: Ball
2-2: Strikes out swinging
Batting: LHB António Cedeño 0-0: Ball
1-0: Swinging Strike
1-1: Ball
2-1: Ball
3-1: Base on Balls
Ricardo González to third
Ben Morton to second
Batting: LHB Ray Bryant 0-0: Called Strike
0-1: Ball
1-1: Foul Ball, location: 2F
1-2: Strikes out swinging
Batting: LHB Albert Morgan 0-0: Ball
1-0: Ground out U3 (Groundball, 3)
Top of the 4th over - 0 runs, 0 hits, 0 errors, 3 left on base; Jersey Shore 0 - St Charles 6
BOTTOM OF THE 4TH
St Charles Sheens batting - Pitching for Jersey Shore D-Bags : RHP Chris Chamberlain
Batting: LHB Kyle Harrison 0-0: Ball
1-0: Ground out 3-1 (Groundball, 34S)
Batting: RHB Max Rash 0-0: Swinging Strike
0-1: Foul Ball, location: 2F
0-2: Ground out 4-3 (Groundball, 4)
Batting: RHB Jesús Hernández 0-0: Ball
1-0: SINGLE (Line Drive, 56D)
Batting: LHB Larry Howard 0-0: Called Strike
0-1: Ball
1-1: Ball
2-1: Ball
3-1: Foul Ball, location: 2F
3-2: Strikes out swinging, 2-3 out at first.
Bottom of the 4th over - 0 runs, 1 hit, 0 errors, 1 left on base; Jersey Shore 0 - St Charles 6
TOP OF THE 5TH
Jersey Shore D-Bags batting - Pitching for St Charles Sheens : RHP Bill Chase
Batting: LHB Ed Murray 0-0: Ball
1-0: Ball
2-0: Ball
3-0: Base on Balls
Batting: RHB José Pinto 0-0: Ball
1-0: Ball
2-0: Ball
3-0: Base on Balls
Ed Murray to second
Batting: LHB Juan Hernández 0-0: Foul Ball, location: 2F
0-1: Ball
1-1: Foul Ball, location: 2F
1-2: Foul Ball, location: 2F
1-2: Grounds into double play, 5-4-3 (Groundball, 56)
Ed Murray to third
Batting: RHB Ricardo González 0-0: Fly out, F7 (Flyball, 7LD)
Top of the 5th over - 0 runs, 0 hits, 0 errors, 1 left on base; Jersey Shore 0 - St Charles 6
BOTTOM OF THE 5TH
St Charles Sheens batting - Pitching for Jersey Shore D-Bags : RHP Chris Chamberlain
Batting: LHB Juan Jose Rojas 0-0: Ball
1-0: Called Strike
1-1: Swinging Strike
1-2: DOUBLE (Line Drive, 8RD)
Batting: RHB Dan Tyler 0-0: Ball
1-0: Ball
2-0: Foul Ball, location: 2F
2-1: Ball
3-1: Called Strike
3-2: Foul Ball, location: 2F
3-2: Ground out 6-3 (Groundball, 6)
Batting: SHB Henry Copeland 0-0: Fly out, F7 (Line Drive, 7S)
Batting: RHB Víctor Arredondo 0-0: Ball
1-0: Foul Ball, location: 2F
1-1: Ball
2-1: Ball
3-1: Base on Balls
Batting: RHB Miguel Palácios 0-0: Called Strike
0-1: Ball
1-1: Called Strike
1-2: Ball
2-2: Ball
3-2: Fly out, F9 (Line Drive, 89M)
Bottom of the 5th over - 0 runs, 1 hit, 0 errors, 2 left on base; Jersey Shore 0 - St Charles 6
TOP OF THE 6TH
Jersey Shore D-Bags batting - Pitching for St Charles Sheens : RHP Bill Chase
Batting: RHB Ben Morton 0-0: Ball
1-0: Fly out, F8 (Flyball, 8LXD)
Batting: RHB Miguel Serna 0-0: Called Strike
0-1: Foul Ball, location: 2F
0-2: Strikes out swinging
Batting: LHB António Cedeño 0-0: Ball
1-0: Ball
2-0: Ground out 4-3 (Groundball, 4)
Top of the 6th over - 0 runs, 0 hits, 0 errors, 0 left on base; Jersey Shore 0 - St Charles 6
BOTTOM OF THE 6TH
St Charles Sheens batting - Pitching for Jersey Shore D-Bags : RHP Chris Chamberlain
Pitching: RHP Barry Garner
Batting: LHB Kyle Harrison 0-0: Ball
1-0: DOUBLE (Groundball, 3L)
Batting: RHB Max Rash 0-0: Swinging Strike
0-1: Foul Ball, location: 2F
0-2: Hit by Pitch
Batting: RHB Jesús Hernández 0-0: Ball
1-0: Grounds into double play, 5-4-3 (Groundball, 56)
Kyle Harrison to third
Batting: LHB Larry Howard 0-0: Ball
1-0: Called Strike
1-1: Ball
2-1: Called Strike
2-2: Strikes out swinging
Bottom of the 6th over - 0 runs, 1 hit, 0 errors, 1 left on base; Jersey Shore 0 - St Charles 6
TOP OF THE 7TH
Jersey Shore D-Bags batting - Pitching for St Charles Sheens : RHP Bill Chase
Batting: LHB Ray Bryant 0-0: Called Strike
0-1: Ball
1-1: Swinging Strike
1-2: Ball
2-2: Foul Ball, location: 2F
2-2: Ball
3-2: Base on Balls
Batting: LHB Albert Morgan 0-0: Called Strike
0-1: Ball
1-1: Foul Ball, location: 2F
1-2: SINGLE (Line Drive, 4MD)
Ray Bryant to second
Batting: LHB Ed Murray 0-0: Ball
1-0: Ball
2-0: Ball
3-0: Called Strike
3-1: Fly out, F9 (Flyball, 9)
Batting: RHB José Pinto 0-0: Called Strike
0-1: Called Strike
0-2: Ball
1-2: Ball
2-2: Strikes out swinging
Batting: LHB Juan Hernández 0-0: Swinging Strike
0-1: Called Strike
0-2: Ball
1-2: Fielders Choice at 2nd, 6-4 (Groundball, 6)
Top of the 7th over - 0 runs, 1 hit, 0 errors, 2 left on base; Jersey Shore 0 - St Charles 6
BOTTOM OF THE 7TH
St Charles Sheens batting - Pitching for Jersey Shore D-Bags : RHP Barry Garner
Batting: LHB Juan Jose Rojas 0-0: Foul Ball, location: 2F
0-1: Called Strike
0-2: Strikes out swinging
Batting: RHB Dan Tyler 0-0: Ball
1-0: Fly out, F7 (Flyball, 78D)
Batting: SHB Henry Copeland 0-0: Called Strike
0-1: Ground out 6-3 (Groundball, 6)
Bottom of the 7th over - 0 runs, 0 hits, 0 errors, 0 left on base; Jersey Shore 0 - St Charles 6
TOP OF THE 8TH
Jersey Shore D-Bags batting - Pitching for St Charles Sheens : RHP Bill Chase
Pitching: RHP Alejandro Longoria
Now at C: Shawn Gutiérrez
Batting: RHB Ricardo González 0-0: Ball
1-0: Swinging Strike
1-1: Foul Ball, location: 2F
1-2: Strikes out swinging
Batting: RHB Ben Morton 0-0: Ball
1-0: SINGLE (Line Drive, 9S)
Batting: RHB Miguel Serna 0-0: DOUBLE (Line Drive, 7D)
Ben Morton to third
Batting: LHB António Cedeño 0-0: Ball
1-0: Ball
2-0: Called Strike
2-1: Foul Ball, location: 2F
2-2: Fly out, F9 (Flyball, 9S)
Batting: LHB Ray Bryant 0-0: Ball
1-0: Foul Ball, location: 2F
1-1: Fly out, F7 (Flyball, 78M)
Top of the 8th over - 0 runs, 2 hits, 0 errors, 2 left on base; Jersey Shore 0 - St Charles 6
BOTTOM OF THE 8TH
St Charles Sheens batting - Pitching for Jersey Shore D-Bags : RHP Barry Garner
Batting: RHB Víctor Arredondo 0-0: Swinging Strike
0-1: SINGLE (Line Drive, 7S)
Batting: RHB Miguel Palácios 0-0: Ground out 5-3 (Groundball, 56S)
Víctor Arredondo to second
Batting: LHB Kyle Harrison 0-0: Ground out 4-3 (Groundball, 4)
Víctor Arredondo to third
Batting: RHB Max Rash 0-0: Hit by Pitch
Batting: RHB Jesús Hernández 0-0: Foul Ball, location: 2F
0-1: Fly out, F9 (Flyball, 89D)
Bottom of the 8th over - 0 runs, 1 hit, 0 errors, 2 left on base; Jersey Shore 0 - St Charles 6
TOP OF THE 9TH
Jersey Shore D-Bags batting - Pitching for St Charles Sheens : RHP Alejandro Longoria
Batting: LHB Albert Morgan 0-0: Ball
1-0: Foul Ball, location: 2F
1-1: Ball
2-1: Ball
3-1: Called Strike
3-2: Foul Ball, location: 2F
3-2: Foul Ball, location: 2F
3-2: Foul Ball, location: 2F
3-2: Foul Ball, location: 2F
3-2: Strikes out swinging
Batting: LHB Ed Murray 0-0: Ball
1-0: Called Strike
1-1: Fly out, F1 (Line Drive, 13)
Batting: RHB José Pinto 0-0: Ball
1-0: Called Strike
1-1: Ground out 6-3 (Groundball, 6)
Top of the 9th over - 0 runs, 0 hits, 0 errors, 0 left on base; Jersey Shore 0 - St Charles 6
Saturday, December 16th, 2017 - OOTP Baseball 18.8 Build 76